← All builds
Geo / Cortex / Economy first / OBSERVED BUILD

Incisor raid

Cortex Geo build order · Supreme Isthmus

Geo adds a Vehicle Plant by ~6:40 and sends Incisors out as a T1 raid from 6:47, fighting partly on the team's own side early but clearly aimed at raiding ahead of the usual T2 timeline rather than reacting to a collapse.

#raid #rush · 29 distinct matches · 16 players · 4% of Cortex Geo games · team won 34% of 29 · Recently observed

THE CATCH, AND WHAT COMES WITH IT
  • IncisorT1 vehicle raid from 6:47 · 7% of role by thenFrom the Vehicle Plant. Only 7% of Geo games have it by then; others who build it get it around 7:19
  • IncisorIncisor in 72%5% of all Geo games by then
  • Vehicle PlantVehicle Plant in 41%16% of all Geo games by then
  • HerculesLight transport from an ally in 41%19% of all Geo games by then

Started with Incisor (90%), Blitz (7%), Rascal (3%).

Where those units first fight, in 29 games with kill data: in the middle 52%, on their own side 41%, in the enemy base 7%.

Those units destroy a typical 3,699 metal of enemy units by 15:00.

HOW TO PLAY IT

Key timing: Incisor raid by 6:48

  1. Open standard Bot Lab and geo as usual for Geo.
  2. Finish early Geothermal Powerplant on schedule.
  3. Add a Vehicle Plant for Incisor light tanks.
  4. Send Incisor to skirmish in middle or on your own side.
  5. Reclaim the Vehicle Plant and shift back to Sheldon/Arbiter for front.

Phase by phase

TYPICAL OF ITS 29 GAMES · AGAINST STANDARD GEO
  1. 1
  2. 2
  3. 3
  4. 4
PLAY THE OPENING

Follow the example game's first 7:48 step by step: what to build now, what comes next, and where it goes. At 1× it keeps pace with your own game.

  1. 1

    Up to the Bot Lab

    Economy
    • Metal Extractor2Mex
    • Wind Turbine4Wind+2 vs standard
    Order
    1. Bot LabBot Lab after 2 mex, 4 winddone ~1:06, middle half 0:57–1:21

    By 0:49 in all: 2 mex · 4 wind (standard 2)

    The example game in this phase · 3 steps
    1. Mex ×2
    2. Wind ×5
    3. Bot LabBot Labdone 1:06 · typical 1:06
  2. 2

    Bot Lab to 5:00

    Economy
    • Metal Extractor2Mex
    • Wind Turbine3Wind−2 vs standard
    • Energy Converter8Converter
    • Energy Storage1Energy storage
    Order
    1. Geothermal PowerplantGeo after 4 mex, 6 wind, 1 energy storage
    2. Bot LabEat Bot Lab
    Builders
    • Construction Turret5 Con turret
    • Graverobber4 Graverobber
    • Construction Bot2 Con bot
    • Construction Bot1 Con bot for allies
    • Graverobber1 Graverobber for allies

    Some games also: grunt (34%)

    By 5:00 in all: 4 mex · 6 wind · 1 geo · 8 converter · 1 energy storage · 5 con turret

    The example game in this phase · 25 steps
    1. GraverobberGraverobber
    2. Wind
    3. Construction BotCon bot
    4. Solar
    5. GraverobberGraverobber
    6. GraverobberGraverobberfor unknown
    7. Mex
    8. GraverobberGraverobber
    9. Construction BotCon bot ×2
    10. Geothermal PowerplantGeodone 3:16 · typical 3:19
    11. Mex
    12. Con turret ×2
    13. GruntGrunt
    14. Mexfor unknown
    15. Bot LabEat Bot Labreclaimed for its metal
    16. Converter ×2
    17. Con turret
    18. Converter ×2
    19. Con turret
    20. Converter ×2
    21. Radar TowerRadar Tower
    22. Converter
    23. Vehicle PlantVehicle Plantdone 4:50 · typical 6:40
    24. Converter
    25. IncisorIncisordone 5:12
  3. 3

    5:00 to T1 vehicle raid

    Order
    1. Vehicle PlantVehicle Plant after 10 wind, 11 converter, 7 con turretin 69% of games
    2. IncisorT1 vehicle raid after 7 wind, 9 converter, 7 con turret

    Some games also: converter (41%) · con turret (38%) · wind (31%)

    The standard build makes here, this one skips: 2 wind · 2 converter

    By 6:42 in all: 4 mex · 7 wind (standard 11) · 1 geo · 9 converter · 1 energy storage · 7 con turret

    The example game in this phase · 1 step
    1. IncisorIncisordone 4:58
  4. 4

    T1 vehicle raid to 10:00

    Order
    1. Vehicle PlantEat Vehicle Plant
    Builders
    • Construction Turret1 Con turret
    Army
    • Incisor21 Incisor +21 vs standard

    Some games also: converter (48%) · wind (38%) · con vehicle (38%) · Advanced Vehicle Plant (34%)

    The standard build makes here, this one skips: 3 converter · 2 Sheldon

    By 10:00 in all: 4 mex · 10 wind (standard 17) · 1 geo · 1 Advanced Geothermal Powerplant · 14 converter · 1 energy storage

    The example game in this phase · 100 steps
    1. Twin GuardTwin Guard
    2. IncisorIncisor ×3
    3. Mex
    4. Twin GuardTwin Guard
    5. Mexfor unknown
    6. Advanced Metal ExtractorT2 mexdone 6:47 · typical 5:51
    7. GraverobberGraverobber
    8. BlitzBlitz ×2
    9. Construction BotCon botfor unknown
    10. Mexfor unknown
    11. Construction BotCon bot
    12. Advanced Metal ExtractorT2 mex
    13. IncisorIncisor ×3
    14. BeamerBeamer
    15. IncisorIncisor ×5
    16. BlitzBlitz
    17. IncisorIncisor ×2
    18. Mex
    19. Advanced Metal ExtractorT2 mex
    20. BlitzBlitz
    21. IncisorIncisor
    22. Con turret
    23. IncisorIncisor ×2
    24. Advanced Metal ExtractorT2 mex
    25. IncisorIncisor ×3
    26. BlitzBlitz
    27. IncisorIncisor
    28. Construction VehicleCon vehicle
    29. BlitzBlitz
    30. IncisorIncisor
    31. BlitzBlitz
    32. IncisorIncisor
    33. BlitzBlitz
    34. IncisorIncisor ×2
    35. BlitzBlitz
    36. BeamerBeamer
    37. BlitzBlitz ×2
    38. BruteBrute
    39. IncisorIncisor
    40. BruteBrute
    41. Construction BotCon bot
    42. Mexfor unknown
    43. BruteBrute
    44. Advanced solar
    45. BlitzBlitz
    46. BruteBrute
    47. BlitzBlitz ×2
    48. Advanced solar
    49. BlitzBlitz
    50. Mexfor unknown
    51. BruteBrute
    52. BlitzBlitz ×2
    53. Advanced solar
    54. Radar TowerRadar Tower
    55. BruteBrute
    56. BlitzBlitz
    57. Advanced solar
    58. BruteBrute
    59. BeamerBeamer
    60. Construction BotCon bot
    61. Twin GuardTwin Guard
    62. BlitzBlitz
    63. BruteBrute
    64. Advanced solar
    65. PounderPounder
    66. BlitzBlitz
    67. PounderPounder
    68. Con turret
    69. BlitzBlitz
    70. Con turret
    71. BlitzBlitz
    72. Mex
    73. PounderPounder
    74. Advanced solar
    75. PounderPounder
    76. BeamerBeamer
    77. Advanced solar
    78. BruteBrute ×2
    79. Converter
    80. Vehicle PlantEat Vehicle Plantreclaimed for its metal
    81. Advanced Vehicle PlantAdvanced Vehicle Plantdone 13:26
    82. Converter ×2
    83. NegotiatorNegotiatordone 13:52
    84. Converter
    85. NegotiatorNegotiator
    86. Converter
    87. BlitzBlitz
    88. QuakerQuakerdone 14:10
    89. Converter
    90. IncisorIncisor
    91. QuakerQuaker
    92. Converter
    93. QuakerQuaker
    94. Converter
    95. QuakerQuaker
    96. Converter
    97. QuakerQuaker
    98. Converter
    99. QuakerQuaker
    100. Converter

Counts are medians over the build's games: half of them build more, half fewer. The example game is ieNemo's (34 OS, 02/09/2026); pick another.

Team trades

IN AT LEAST 30% OF ITS GAMES

You hand over

  • Graverobber1 Graverobber to Beach sea or Suicide frontfirst at 2:07 · in 90% of games
  • Construction Bot1 Con bot to Beach seafirst at 2:43 · in 79% of games

You get

  • Hercules1 Light transport from Air or Techfirst at 4:40 · in 41% of games
  • Advanced Construction Bot1 T2 con bot from Techfirst at 5:02 · in 100% of games

How it plays out

Typical game of this build against the role’s standard build, running totals by minute

  • This build
  • Standard geo

Metal produced

020k40k
0:005:0010:0015:00

metal

Enemy metal destroyed

05k10k
0:005:0010:0015:00

metal

Own metal lost

05k10k
0:005:0010:0015:00

metal

29 games.

Show as table
ByMetal produced: This buildMetal produced: Standard geoEnemy metal destroyed: This buildEnemy metal destroyed: Standard geoOwn metal lost: This buildOwn metal lost: Standard geo
1:003333420000
2:008148710000
3:00147615000000
4:00264626630000
5:00366036900000
6:00539055860000
7:00761678915101300
8:00105201096139004800
9:00139321387612652199047
10:00165211678425302962454185
11:001961319610309111023254738
12:0022332226853972223341851443
13:0024970255515195403942042394
14:0027248284137639580958354294
15:0031696313519541786284565693
WHAT THE NUMBERS SAY

Won less often than the standard build despite destroying more enemy metal, losing far more of its own in the trade.

  • + Enemy metal destroyed jumps sharply by 10:00 (2530 vs 421).
  • + Own metal production stays close to standard through 15:00.
  • − Own metal lost by 10:00 is ten times standard (2660 vs 260).
  • − Team win rate drops well below standard (39% vs 47%).
THE EXAMPLE YOU ARE READING

ieNemo

33.7 OS · 02/09/2026

Open source match ↗

2 received units · includes a constructor
656 metal received · 27652 energy received

Allied construction assistance is unknown. Timings are observations, not a promise of solo reproducibility.

Typical milestones

Bot Lab1:06Middle 50%: 0:57–1:21 · n=29
Geothermal Powerplant3:19Middle 50%: 3:09–3:41 · n=29
Advanced Metal Extractor5:51Middle 50%: 5:35–6:42 · n=29
Vehicle Plant6:40Middle 50%: 5:07–7:17 · n=27
Advanced Geothermal Powerplant7:49Middle 50%: 7:09–8:42 · n=16

Played most by

YogaBoy1584975games of this buildAmrissa4games of this buildzeus_on_god4games of this buildImmort2games of this buildRicecrispyguy2games of this build